 Dungeon Crawl Stone Soup version 0.31.0-4-g52a2dc7128 (webtiles) character file.

Game seed: 3563824729518287185

88 Khashishi the Sneak (level 4, -1/24 HPs)
             Began as a Vampire Enchanter on Jan 23, 2024.
             Slain by a bombardier beetle (2 damage)
             ... on level 3 of the Dungeon.
             The game lasted 00:10:29 (1655 turns).

Khashishi the Sneak (Vampire Enchanter)             Turns: 1655, Time: 00:10:30

Health: -1/24      AC:  2    Str:  7    XL:     4   Next: 30%
Magic:  2/7        EV: 12    Int: 19    God:
Gold:   65         SH:  0    Dex: 14    Spells: 2/7 levels left

rFire   . . .        a - +1 dagger
rCold   + + .        (no shield)
rNeg    + + +        b - +0 robe
rPois   ∞            (no helmet)
rElec   .            (no cloak)
rCorr   .            (no gloves)
SInv    +            (no boots)
Will    .....        (no amulet)
Stlth   ++           (no ring)
HPRegen 0.00/turn    (no ring)
MPRegen 0.10/turn

%: no passive effects
@: confusing by touch, on fire, bloodless, inhibited regen, glowing
A: bloodless, fangs 3, see invisible, vampiric 2
a: Bat Form, Revivify


You were on level 3 of the Dungeon.
You visited 1 branch of the dungeon, and saw 3 of its levels.

You collected 65 gold pieces.

Inventory:

Hand Weapons
 a - a +1 dagger (weapon)
 g - a +3 sling
Armour
 b - a +0 robe (worn)
Scrolls
 d - 2 scrolls of identify {unknown}
 e - a scroll of poison {unknown}
 h - a scroll of fog {unknown}
 l - a scroll of summoning {unknown}
Potions
 c - 2 potions of invisibility
 f - 3 potions of attraction {unknown}
 i - 2 potions of lignification {unknown}
 j - a potion of degeneration {unknown}
 k - 2 potions of might {unknown}
 m - a potion of haste {unknown}
 n - a potion of brilliance {unknown}


   Skills:
 + Level 0.8 Fighting
 + Level 2.1 Short Blades
 + Level 2.7 Dodging
 - Level 5.2 Stealth
 + Level 2.4 Spellcasting
 + Level 5.0 Hexes
 + Level 1.0 Ice Magic


You had 2 spell levels left.
You knew the following spells:

 Your Spells              Type           Power      Damage    Failure   Level
a - Ensorcelled Hibernat  Hex/Ice        26%        N/A       7%          2
b - Confusing Touch       Hex            21%        N/A       6%          3

Your spell library contained the following spells:

 Spells                   Type           Power      Damage    Failure   Level
 Tukima's Dance           Hex            21%        N/A       6%          3
 Dazzling Flash           Conj/Hex       22%        N/A       17%         3


Dungeon Overview and Level Annotations

Branches:
Dungeon (3/15)

Altars:


Innate Abilities, Weirdness & Mutations

You do not regenerate when monsters are visible.
You are frail without blood (-20% HP).
You can heal yourself when you bite living creatures.
You are immune to poison.
You have razor-sharp teeth.
You have supernaturally acute eyesight. (SInv)
You are afflicted with vampirism and can become a bat while bloodless.


Message History

You impale the goblin!!
You kill the goblin!
You see here a +0 club.
i - 2 glowing inky potions (gained 1)
There is a stone staircase leading up here.
You climb upwards.
There is a stone staircase leading down here.
There is a stone staircase leading down here.
You climb downwards.
Found 5 stones and 11 gold pieces.
There is a stone staircase leading up here.
Found an arbalest.
Casting: Confusing Touch (quite dangerous; 6% risk of failure)
Confirm with . or Enter, or press ? or * to list all spells.
Aiming: Ensorcelled Hibernation (safe; 7% risk of failure)
Press: ? - help, Shift-Dir - straight line, f - bombardier beetle
Aim: a bombardier beetle (chance to affect: 47%)
The bombardier beetle resists with some effort.
The bombardier beetle sprays incendiary fluid at you.
The burning spray hits you.
You are covered in liquid fire!
Casting: Ensorcelled Hibernation (safe; 7% risk of failure)
Confirm with . or Enter, or press ? or * to list all spells.
Your hands begin to glow red.
The liquid fire burns you!
You completely miss the bombardier beetle.
Your bite misses the bombardier beetle. The liquid fire burns you!
You hit the bombardier beetle but do no damage.
The liquid fire burns you! The bombardier beetle bites you.
* * * LOW HITPOINT WARNING * * *
You barely miss the bombardier beetle. The liquid fire burns you!
* * * LOW HITPOINT WARNING * * *
You barely miss the bombardier beetle. The liquid fire burns you!
* * * LOW HITPOINT WARNING * * *
The bombardier beetle bites you.
You die...

.......#.......
...............
#...........#
#...#......
####..... ..#
##.......##.####
...............#
#.<..@B...#
#.........#
)........(...#
......$.......#
.....#.........#
..........#.#.##
..........#...#
..........##...


You could see a bombardier beetle.

Vanquished Creatures
  Natasha (D:2)
  A gnoll (D:2)
  An adder (D:2)
  A dart slug (D:1)
  An orc (D:2)
  2 ball pythons
  3 endoplasms
  A giant cockroach (D:2)
  7 goblins
  3 hobgoblins (D:1)
  4 jackals
  A quokka (D:1)
  4 frilled lizards
  2 kobolds (D:1)
  6 rats
38 creatures vanquished.

Notes
Turn   | Place    | Note
-------+----------+-------------------------------------------
     0 | D:1      | Khashishi the Vampire Enchanter began the quest for the
                  | Orb.
     0 | D:1      | Reached XP level 1. HP: 13/13 MP: 3/3
   103 | D:1      | Reached XP level 2. HP: 19/19 MP: 5/5
   151 | D:1      | Learned a level 2 spell: Ensorcelled Hibernation
   601 | D:1      | Gained mutation: You are afflicted with vampirism and can
                  | become a bat while bloodless. [Vampire growth]
   601 | D:1      | Reached XP level 3. HP: 9/24 MP: 4/6
   608 | D:1      | Learned a level 3 spell: Confusing Touch
  1043 | D:2      | Reached skill level 5 in Stealth
  1253 | D:2      | Noticed Natasha
  1543 | D:2      | Killed Natasha
  1544 | D:2      | Reached skill level 5 in Hexes
  1544 | D:2      | Reached skill level 1 in Ice Magic
  1544 | D:2      | Reached XP level 4. HP: 19/24 MP: 3/7
  1655 | D:3      | HP: 1/24 [burnt (4)]
  1655 | D:3      | Slain by a bombardier beetle

Illustrated notes

Levels and vault maps discovered:
D:1:      dpeg_arrival_rhombus, layout_basic, minmay_misc_feat_square,
          chequers_jeans
D:2:      layout_rooms, minmay_heptomino_o4, uniq_natasha
D:3:      layout_rooms, bloody_trog, shapermc_ecumenical_altar_mp_highgroup,
          uniq_terence

Skill      XL: |  1  2  3 |
---------------+----------+-----
Stealth        | 5 |  5.2
Short Blades   | 2 |  2.1
Hexes          | 5 |  5.0
Ice Magic      | 1 |  1.0
Fighting       | |  0.8
Dodging        | |  2.7
Spellcasting   | |  2.4

Action                     |  1- 3 |  4- 6 || total
---------------------------+-------+-------++-------
  Melee: Dagger            |    98 |     5 ||   103
         Bite              |     9 |       ||     9
         Punch             |     2 |       ||     2
   Cast: Ensorcelled Hiber |    14 |     1 ||    15
         Confusing Touch   |     1 |     1 ||     2
Ability: Exsanguinate      |     1 |       ||     1
   Stab: Sleeping          |    18 |     1 ||    19
         Confused          |     1 |       ||     1
 Armour: Robe              |    41 |     2 ||    43
  Dodge: Dodged            |    60 |       ||    60
